 Dungeon Crawl Stone Soup version 0.30.0-20-g3b4254fcbd (webtiles) character file.

Game seed: 7010712246128441726

85 Gabide the Conjurer (level 4, 0/27 HPs)
             Began as a Gargoyle Conjurer on June 2, 2023.
             Slain by an iguana (8 damage)
             ... on level 2 of the Dungeon.
             The game lasted 00:04:32 (2090 turns).

Gabide the Conjurer (Gargoyle Conjurer)             Turns: 2090, Time: 00:04:33

Health: 0/27       AC:  5    Str: 11    XL:     4   Next: 48%
Magic:  0/8        EV: 11    Int: 20    God:
Gold:   133        SH:  0    Dex:  8    Spells: 6/9 levels left

rFire   . . .        a - +1 dagger (flame)
rCold   . . .        (no shield)
rNeg    + . .        j - +0 robe
rPois   ∞            (no helmet)
rElec   +            (no cloak)
rCorr   .            (no gloves)
SInv    +            (no boots)
Will    .....        (no amulet)
Stlth   ++           m - ring of see invisible
HPRegen 0.24/turn    (no ring)
MPRegen 0.11/turn

%: no passive effects
@: mighty, very slightly contaminated
A: sickness immunity, AC +3, negative energy resistance 1, electricity
resistance, torment resistance 1, petrification resistance
a: no special abilities


You were on level 2 of the Dungeon.
You visited 1 branch of the dungeon, and saw 2 of its levels.

You collected 133 gold pieces.

Inventory:

Hand Weapons
 a - a +1 dagger of flaming (weapon)
Armour
 c - a +0 ring mail
 j - a +0 robe (worn)
Magical Staves
 g - a staff of cold
Jewellery
 i - a ring of ice
 m - a ring of see invisible (left hand)
Scrolls
 d - a scroll of torment {unknown}
 h - a scroll of fear {unknown}
Potions
 f - a potion of invisibility {unknown}
 k - a potion of haste {unknown}
 l - 2 potions of resistance {unknown}


   Skills:
 + Level 2.8 Fighting
 - Level 1.5 Dodging
 - Level 3.0 Stealth
 - Level 3.0 Spellcasting
 - Level 4.3 Conjurations


You had 6 spell levels left.
You knew the following spells:

 Your Spells              Type           Power      Damage    Failure   Level
a - Magic Dart            Conj           80%        1d7       2%          1
b - Searing Ray           Conj           40%        2d5       3%          2

Your spell library contained the following spells:

 Spells                   Type           Power      Damage    Failure   Level
 Shock                    Conj/Air       44%        1d5       6%          1
 Sandblast                Erth           6%         2d5       14%         1
 Dazzling Flash           Conj/Hex       22%        N/A       17%         3
 Stone Arrow              Conj/Erth      22%        3d8       17%         3
 Passwall                 Tmut/Erth      2%         N/A       22%         2
 Swiftness                Air            3%         N/A       38%         3
 Fulminant Prism          Conj/Hex       5%         3d7       50%         4
 Iskenderun's Mystic Bla  Conj/Tloc      11%        2d4       50%         4
 Airstrike                Air            1%         2d(1-17)  80%         4


Dungeon Overview and Level Annotations

Branches:
Dungeon (2/15)

Altars:


Innate Abilities, Weirdness & Mutations

You are immune to sickness and miasma.
Your stone body is resilient. (AC +3)
You are immune to poison.
You resist negative energy. (rN+)
You are resistant to electric shocks. (rElec)
You are resistant to unholy torment.
You are immune to petrification.


Message History

Unknown command.
Unknown command.
You feel very mighty all of a sudden. The iguana closely misses you.
Magic courses through your body. The iguana bites you.
You miscast Searing Ray.
Nothing appears to happen.
The iguana bites you!
The searing ray misses the iguana. (Press . to maintain the ray.)
The iguana bites you.
You are too injured to fight recklessly!
Restarting spell: Searing Ray (safe; 3% risk of failure)
Press: ? - help, Q - select action, (/) - cycle Shift-Dir - straight line, f/p - iguana
Aim: an iguana (moderately wounded, 81% to hit)
Okay, then.
Unknown command.
Press: ? - help, v - describe, . - travel
Here: an iguana (moderately wounded)
The floor.
Unknown command.
Restarting spell: Searing Ray (safe; 3% risk of failure)
Press: ? - help, Q - select action, (/) - cycle Shift-Dir - straight line, f/p - iguana
Aim: an iguana (moderately wounded, 81% to hit)
The searing ray hits the iguana.
The iguana is severely wounded. (Press . to maintain the ray.)
The iguana closely misses you.
Restarting spell: Searing Ray (safe; 3% risk of failure)
Press: ? - help, Q - select action, (/) - cycle Shift-Dir - straight line, f/p - iguana
Aim: an iguana (severely wounded, 81% to hit)
The searing ray misses the iguana. (Press . to maintain the ray.)
The iguana barely misses you.
The searing ray hits the iguana.
The iguana is almost dead.
The iguana bites you.
* * * LOW HITPOINT WARNING * * *
You barely miss the iguana.
The iguana is almost dead.
The iguana bites you!
You die...

....... ...$...
....... ######
#####....... .#.....
#.P~#>...... .~.....
#P~PP......~ ~......
##~~~Pl[...~P P.#####
#.P♣~@......~ ###
#.~P~P.....~~ ##..
#.~~~~~...P~~~P~ ##...
#..P≈~P~~.~~~P~# #....
#..P♣♣~P~.~~♣.~###....
#...≈≈~P~P~♣P~........
#..P~~♣♣P♣♣~~~...##...
##.P.~~≈♣~~~...#..##..
#...~♣♣♣♣~P.)###...##


You could see an iguana.

Vanquished Creatures
  4 gnolls (D:1)
  4 bats (D:1)
  4 endoplasms
  4 goblins
  5 hobgoblins
  4 jackals (D:1)
  A quokka (D:1)
  9 ball pythons
  4 frilled lizards
  3 kobolds
  2 rats (D:2)
44 creatures vanquished.

Notes
Turn   | Place    | Note
-------+----------+-------------------------------------------
     0 | D:1      | Gabide the Gargoyle Conjurer began the quest for the Orb.
     0 | D:1      | Reached XP level 1. HP: 10/10 MP: 3/3
   283 | D:1      | Reached XP level 2. HP: 15/15 MP: 0/5
   386 | D:1      | Found a faded altar of an unknown god.
   635 | D:1      | Learned a level 2 spell: Searing Ray
   896 | D:1      | Reached XP level 3. HP: 15/19 MP: 0/7
  1241 | D:1      | Reached skill level 1 in Fighting
  1414 | D:1      | Reached XP level 4. HP: 13/26 MP: 2/8
  2090 | D:2      | Slain by an iguana

Illustrated notes

Levels and vault maps discovered:
D:1:      psy_arrival_whirlpool, layout_basic,
          nicolae_ecumenical_snake_handling, minmay_misc_feat_room
D:2:      layout_rooms, grunt_ministairs_1, serial_bayou_lagoon_a,
          chequers_serial_rivers_micro_e, kennysheep_generic_room_4

Skill      XL: |  1  2  3 |
---------------+----------+-----
Spellcasting   | 3 |  3.0
Stealth        | 3 |  3.0
Fighting       | 2 |  2.8
Dodging        | |  1.5
Conjurations   | |  4.3

Action                     |  1- 3 |  4- 6 || total
---------------------------+-------+-------++-------
  Melee: Unarmed           |    16 |     7 ||    23
         Dagger            |       |     9 ||     9
   Cast: Magic Dart        |    56 |     1 ||    57
         Searing Ray       |     1 |    18 ||    19
    Use: Scroll            |     6 |       ||     6
         Potion            |       |     2 ||     2
 Armour: Robe              |    19 |     8 ||    27
  Dodge: Dodged            |    39 |    15 ||    54
